 Dungeon Crawl Stone Soup version 0.28.0-47-ge53b351184 (webtiles) character file.

Game seed: 10258419256325184515

919 Doot the Geomancer (level 7, -17/56 HPs)
             Began as a Deep Dwarf Earth Elementalist on Apr 27, 2022.
             Demolished by a two-headed ogre
             ... wielding a +0 giant club
              (18 damage)
             ... on level 5 of the Dungeon.
             The game lasted 00:19:34 (7153 turns).

Doot the Geomancer (Deep Dwarf Earth Elementalist)  Turns: 7153, Time: 00:19:35

Health: -17/56     AC:  6    Str: 11    XL:     7   Next: 83%
Magic:  0/12       EV: 12    Int: 22    God:
Gold:   293        SH:  0    Dex: 13    Spells: 3/13 levels left

rFire   . . .      SeeInvis .   i - +0 war axe
rCold   . . .      Faith    .   (no shield)
rNeg    . . .      Spirit   .   k - +1 leather armour of the Onion {Int+4}
rPois   .          Reflect  .   w - +0 helmet
rElec   .          Harm     .   (no cloak)
rCorr   .          Rampage  .   A - +0 pair of gloves
Will    +....                   (no boots)
Stlth   ++........              (no amulet)
HPRegen 0.00/turn               r - +4 ring of slaying
MPRegen 0.13/turn               (no ring)

@: studying Crossbows
A: damage resistance, heal wounds, sense surroundings 1, no regeneration
a: Heal Wounds


You were on level 5 of the Dungeon.
You visited 1 branch of the dungeon, and saw 6 of its levels.
You also visited: Sewer.

You collected 293 gold pieces.

Inventory:

Hand Weapons
 d - a +0 dagger
 i - a +0 war axe (weapon)
 s - the +1 spear "Zemnez" {vorpal, rPois}
   (You took it off a hobgoblin on level 4 of the Dungeon)

   It inflicts extra damage upon your enemies.
   rPois:     It protects you from poison.
 t - a +1 dagger of flaming
Missiles
 f - 33 stones
 u - a throwing net
Armour
 b - a +0 robe
 g - a +0 kite shield
 k - the +1 leather armour of the Onion (worn) {Int+4}
   (You found it on level 3 of the Dungeon)

   Int:       It affects your intelligence (+4).
 w - a +0 helmet (worn)
 A - a +0 pair of gloves (worn)
Magical Staves
 p - a staff of fire
Jewellery
 m - a ring of magical power
 r - a +4 ring of slaying (left hand)
 z - an amulet of the acrobat
Wands
 v - a wand of iceblast (9)
Scrolls
 c - 2 scrolls of teleportation {unknown}
 e - 2 scrolls of fog
 h - a scroll of immolation
 j - 2 scrolls of magic mapping {unknown}
 l - 2 scrolls of identify
 n - a scroll of blinking
 q - 3 scrolls of vulnerability {unknown}
 x - a scroll of enchant armour {unknown}
 y - a scroll of holy word {unknown}
Potions
 a - a potion of might
 o - 2 potions of brilliance


   Skills:
 + Level 0.3 Fighting
 + Level 1.0 Short Blades
 + Level 0.8 Axes
 + Level 2.0 Armour
 + Level 2.8 Dodging
 + Level 3.2 Stealth
 + Level 0.2 Shields
 + Level 3.6 Spellcasting
 * Level 3.5 Conjurations
 + Level 1.1 Transmutations
 * Level 8.4 Earth Magic


You had 3 spell levels left.
You knew the following spells:

 Your Spells              Type           Power      Damage    Failure   Level
a - Sandblast             Erth           82%        2d17      1%          1
b - Stone Arrow           Conj/Erth      60%        3d10      4%          3
c - Petrify               Tmut/Erth      25%        N/A       22%         4
d - Passwall              Tmut/Erth      20%        N/A       3%          2

Your spell library contained the following spells:

 Spells                   Type           Power      Damage    Failure   Level


Dungeon Overview and Level Annotations

Branches:
Dungeon (6/15)              Sewer (visited)
 Temple: D:4-7

Altars:

Shops:
D:5 (


Innate Abilities, Weirdness & Mutations

You are resistant to damage.
You can heal yourself by infusing magical energy.
You passively map a small area around you.
You do not regenerate.


Message History

Aiming: Stone Arrow (dangerous; 4% risk of failure)
Press: ? - help, Shift-Dir - straight line, f/p - two-headed ogre
Aim: a two-headed ogre, wielding a +0 giant club and a +0 giant spiked club (88% to hit)
The stone arrow hits the two-headed ogre!
The two-headed ogre is moderately wounded.
Unknown command.
Casting: Stone Arrow (dangerous; 4% risk of failure)
Confirm with . or Enter, or press ? or * to list all spells.
Aiming: Sandblast (safe; 1% risk of failure)
Press: ? - help, Shift-Dir - straight line, f/p - two-headed ogre
Aim: a two-headed ogre, wielding a +0 giant club and a +0 giant spiked club (lightly wounded, 92% to hit)
The blast of sand hits the two-headed ogre!!
The two-headed ogre is heavily wounded.
f - 36 stones
Casting: Sandblast (safe; 1% risk of failure)
Confirm with . or Enter, or press ? or * to list all spells.
Aiming: Sandblast (safe; 1% risk of failure)
Press: ? - help, Shift-Dir - straight line, f/p - two-headed ogre
Aim: a two-headed ogre, wielding a +0 giant club and a +0 giant spiked club (heavily wounded, 92% to hit)
The blast of sand hits the two-headed ogre!
The two-headed ogre is heavily wounded.
f - 35 stones
Casting: Sandblast (safe; 1% risk of failure)
Confirm with . or Enter, or press ? or * to list all spells.
Aiming: Sandblast (safe; 1% risk of failure)
Press: ? - help, Shift-Dir - straight line, f/p - two-headed ogre
Aim: a two-headed ogre, wielding a +0 giant club and a +0 giant spiked club (heavily wounded, 92% to hit)
The blast of sand hits the two-headed ogre.
The two-headed ogre is severely wounded.
f - 34 stones
Casting: Sandblast (safe; 1% risk of failure)
Confirm with . or Enter, or press ? or * to list all spells.
Aiming: Sandblast (safe; 1% risk of failure)
Press: ? - help, Shift-Dir - straight line, f/p - two-headed ogre
Aim: a two-headed ogre, wielding a +0 giant club and a +0 giant spiked club (severely wounded, 92% to hit)
The blast of sand hits the two-headed ogre!
The two-headed ogre is almost dead.
f - 33 stones The two-headed ogre hits you with a +0 giant club!!
You die...

### #$##..#........##....#... #.#
##.##....>...#..####. #...
##.###...........##..####o ##..
#.......#...........##.#.o ##..
#.......#.#...#.#.........##...
###).#..###.....#..###.$.#.......
.....................$.[.###..<..
....................##...# ####..
...........#....@..####..# ##....
####.....###....O.##..##.###.....
#.##### #...#..##).##...)..###
### ##..##...#''#......##
####..#...........##..#
##..#.........#..###...####
#.....##..#..##.........#..
##.....#..#..##.###........
##..#.......#..###........


You could see a two-headed ogre.

Vanquished Creatures
  A water moccasin (Sewer)
  A necrophage (D:5)
  A wolf (D:5)
  A bullfrog (D:6)
  A killer bee (D:4)
  A gnoll shaman (D:5)
  A bullfrog skeleton (D:6)
  2 jellies
  2 iguanas (D:6)
  An orc wizard (D:4)
  A scorpion zombie (D:5)
  Terence (D:2)
  A hound skeleton (D:4)
  5 adders
  11 gnolls
  An adder skeleton (D:4)
  4 worms
  5 dart slugs
  14 orcs
  7 endoplasms
  6 giant cockroaches
  3 goblins (D:1)
  5 hobgoblins
  6 jackals
  10 kobolds
  6 quokkas
  2 ball pythons
  2 bats
  12 frilled lizards
  7 rats
121 creatures vanquished.

Vanquished Creatures (others)
  A plant (D:3)
1 creature vanquished.

Grand Total: 122 creatures vanquished

Notes
Turn   | Place    | Note
-------+----------+-------------------------------------------
     0 | D:1      | Doot the Deep Dwarf Earth Elementalist began the quest for
                  | the Orb.
     0 | D:1      | Reached XP level 1. HP: 15/15 MP: 3/3
   442 | D:1      | Reached XP level 2. HP: 16/22 MP: 1/5
  1243 | D:2      | Reached XP level 3. HP: 16/28 MP: 4/6
  1320 | D:2      | Learned a level 3 spell: Stone Arrow
  1424 | D:2      | Noticed Terence
  1676 | D:3      | Found a faded altar of an unknown god.
  1821 | D:3      | Reached skill level 5 in Earth Magic
  2029 | D:3      | Identified the +1 leather armour of the Onion {Int+4}
  2226 | D:4      | Reached XP level 4. HP: 9/36 MP: 0/7
  2305 | D:4      | Found a glowing drain.
  2347 | Sewer    | Entered a sewer
  2433 | Sewer    | Noticed a water moccasin
  2463 | Sewer    | Killed a water moccasin
  2464 | Sewer    | Reached skill level 1 in Conjurations
  2464 | Sewer    | Reached XP level 5. HP: 38/42 MP: 0/9
  2646 | D:4      | Identified the +1 spear "Zemnez" {vorpal, rPois}
  2670 | D:4      | Reached skill level 6 in Earth Magic
  2989 | D:4      | Reached skill level 1 in Short Blades
  3603 | D:4      | Reached XP level 6. HP: 21/49 MP: 1/10
  3931 | D:5      | Entered Level 5 of the Dungeon
  3974 | D:5      | Noticed a two-headed ogre
  4090 | D:4      | Reached skill level 1 in Armour
  4126 | D:4      | Learned a level 4 spell: Petrify
  4262 | D:5      | Found Atzupnos's Antique Weapon Emporium.
  4308 | D:5      | Reached skill level 7 in Earth Magic
  4505 | D:5      | Reached XP level 7. HP: 9/56 MP: 4/11
  4870 | D:4      | Learned a level 2 spell: Passwall
  5538 | D:6      | Reached skill level 8 in Earth Magic
  5853 | D:6      | Reached skill level 1 in Transmutations
  6259 | D:2      | HP: 1/56 [Terence/+0 hand axe (3)]
  6277 | D:2      | Killed Terence
  7153 | D:5      | Demolished by a two-headed ogre

Illustrated notes

Levels and vault maps discovered:
D:1:      dpeg_arrival_boxes_within_box, layout_basic, patterned_corridor
D:2:      layout_basic, uniq_terence
D:3:      layout_basic, hellmonk_ecumenical_altar_blasted, minmay_lizard_king
D:4:      layout_cave_pools, gup_sewer_entry_bowl, minmay_manual_moon
D:5:      layout_cave_pools, serial_gnoll_camp, gnoll_camp_mini_hut,
          gnoll_camp_huts_basic, gnoll_camp_mini_hut, gnoll_camp_medium_02,
          nicolae_stop_n_shop_2
D:6:      cheibrodos_thug_alley, layout_layer_cave, temple_hall

Skill      XL: |  1  2  3  4  5  6  7 |
---------------+----------------------+-----
Spellcasting   | 2 3 |  3.6
Earth Magic    | 5 6 7 8 |  8.4
Stealth        | 3 |  3.2
Conjurations   | 1 2 3 |  3.5
Short Blades   | 1 |  1.0
Armour         | 1 2 |  2.0
Transmutations | 1 |  1.1
Fighting       | |  0.3
Axes           | |  0.8
Dodging        | |  2.8
Shields        | |  0.2

Action                   |  1- 3 |  4- 6 |  7- 9 || total
-------------------------+-------+-------+-------++-------
Melee: Dagger            |    34 |     1 |       ||    35
       War axe           |       |    27 |       ||    27
 Cast: Sandblast         |    53 |    19 |     7 ||    79
       Stone Arrow       |     6 |    40 |    30 ||    76
       Passwall          |       |       |     8 ||     8
       Petrify           |       |       |     1 ||     1
  Use: Potion            |       |     4 |     2 ||     6
       Scroll            |       |     2 |     1 ||     3
 Stab: Sleeping          |     5 |     2 |       ||     7
Armor: Robe              |     8 |       |       ||     8
       Leather armour    |     3 |    11 |     2 ||    16
Dodge: Dodged            |    41 |    48 |     3 ||    92
Block: Kite shield       |    26 |       |       ||    26
